 Dungeon Crawl Stone Soup version 0.27-b1-41-gafb5482f4b (webtiles) character file.

Game seed: 12658885514704720456

176 Brandom the Chucker (level 5, 0/32 HPs)
             Began as a Kobold Hunter on July 28, 2021.
             Was an Elder of Lugonu.
             Slain by T2blue's ghost (8 damage)
             ... on level 3 of the Dungeon.
             The game lasted 00:06:32 (3800 turns).

Brandom the Chucker (Kobold Hunter)                 Turns: 3800, Time: 00:06:32

Health: 0/32       AC:  7    Str: 10    XL:     5   Next: 86%
Magic:  6/6        EV: 13    Int: 15    God:    Lugonu [****..]
Gold:   61         SH:  0    Dex: 15    Spells: 4/4 levels left

rFire    . . .     SeeInvis .   m - +1 dagger (venom)
rCold    . . .     Faith    .   (shield restricted)
rNeg     . . .     Spirit   .   e - +0 ring mail
rPois    .         Reflect  .   f - +0 helmet
rElec    .         Harm     .   (no cloak)
rCorr    .         Rampage  .   (no gloves)
Will     .....                  i - +0 pair of boots
Stlth    +.........             (no amulet)
HPRegen  0.10/turn              (no ring)
MPRegen  0.10/turn              (no ring)

@: lethally poisoned (0 -> -5), lit by a corona, sleeping, glowing
A: small, no large weapons, nightstalker 3, clever 1
a: Renounce Religion, Depart the Abyss, Bend Space, Banish, Corrupt


You were on level 3 of the Dungeon.
You worshipped Lugonu.
Lugonu was greatly pleased with you.
You visited 1 branch of the dungeon, and saw 3 of its levels.

You collected 91 gold pieces.
You spent 30 gold pieces at shops.

Inventory:

Hand Weapons
 a - a +0 short sword
 m - a +1 dagger of venom (weapon)
Missiles
 c - 10 boomerangs (quivered)
 d - 2 throwing nets
 n - 7 atropa-tipped darts
 r - 5 javelins
Armour
 b - a +0 leather armour
 e - a +0 ring mail (worn)
 f - a +0 helmet (worn)
 i - a +0 pair of boots (worn)
Scrolls
 g - 2 scrolls of teleportation {unknown}
 h - 2 scrolls of fear
 j - a scroll of magic mapping {unknown}
 k - 3 scrolls of enchant weapon
 o - a scroll of blinking
 p - a scroll of amnesia {unknown}
 q - a scroll of noise {unknown}
 s - 2 scrolls of torment {unknown}
 t - a scroll of identify
Potions
 l - a potion of curing


   Skills:
 + Level 3.5 Fighting
 - Level 0.6 Short Blades
 + Level 5.3 Throwing
 + Level 3.8 Dodging
 - Level 1.7 Stealth
 + Level 2.4 Invocations


You had 4 spell levels left.
You didn't know any spells.
Your spell library was empty.

Dungeon Overview and Level Annotations

Branches:
Dungeon (3/15)

Altars:
Lugonu

Shops:
D:1 !

Annotations:
D:3 T2blue's ghost, amateur PaEn


Innate Abilities, Weirdness & Mutations

You are small and have problems with some larger weapons.
You are completely attuned to the shadows.
Your mind is acute. (Int +2)


Message History

Aim: T2blue's ghost, wielding a weapon of venom (65% to hit)
You throw a boomerang. The boomerang hits T2blue's ghost!
T2blue's ghost is moderately damaged.
T2blue's ghost gestures at you while chanting.
You fall asleep.
T2blue's ghost hits you!
You wake up.
You are poisoned.
Throw: 10 boomerangs
Press: ? - help, Q - select action, (/) - cycle Shift-Dir - straight line, f/p - T2blue's ghost
Aim: T2blue's ghost, wielding a weapon of venom (moderately damaged, 65% to hit)
You throw a boomerang.
The boomerang barely misses T2blue's ghost.
You feel very sick. T2blue's ghost closely misses you. T2blue's ghost hits you.
Unknown command.
Throw: 10 boomerangs
Press: ? - help, Q - select action, (/) - cycle Shift-Dir - straight line, f/p - T2blue's ghost
Aim: T2blue's ghost, wielding a weapon of venom (moderately damaged, 65% to hit)
You throw a boomerang.
The boomerang hits T2blue's ghost but does no damage.
T2blue's ghost is moderately damaged.
You feel very sick. T2blue's ghost closely misses you.
Throw: 10 boomerangs
Press: ? - help, Q - select action, (/) - cycle Shift-Dir - straight line, f/p - T2blue's ghost
Aim: T2blue's ghost, wielding a weapon of venom (moderately damaged, 65% to hit)
You throw a boomerang. The boomerang hits T2blue's ghost.
T2blue's ghost is heavily damaged.
You feel very sick. T2blue's ghost hits you.
Throw: 10 boomerangs
Press: ? - help, Q - select action, (/) - cycle Shift-Dir - straight line, f/p - T2blue's ghost
Aim: T2blue's ghost, wielding a weapon of venom (heavily damaged, 65% to hit)
You throw a boomerang. The boomerang hits T2blue's ghost.
T2blue's ghost is heavily damaged.
You feel sick.
T2blue's ghost points at you and mumbles some strange words.
You fall asleep.
You feel sick. T2blue's ghost hits you!
You die...

####♣≈.....####.######...#...##
#....###.....# #.....###
##.##.###.############.(.#
#..##..##.# #........#>#
#.####.##.# #.....####[#### #.#
#.##.### #.....####.##.. #.#
#......#####......÷....# #.#
##...##..#.♣#...####.....
#.###..#.##.@W$8#...# #.###.
#.#...##.###.#.♣#...# #.# ##
##.#.####.##########.# #.###
#....# #..# #.# #...## ######
##.## #.# ###... #..#
#.######### ##.# #>.........
### ########### #


You could see T2blue's ghost.

Vanquished Creatures
  An orc priest (D:3)
  Terence (D:2)
  3 adders
  2 worms (D:2)
  5 dart slugs
  4 orcs (D:3)
  8 ball pythons
  4 bats (D:1)
  4 endoplasms
  4 giant cockroaches
  6 goblins
  9 hobgoblins
  5 kobolds
  5 quokkas
  2 frilled lizards
  7 rats
70 creatures vanquished.

Notes
Turn   | Place    | Note
-------+----------+-------------------------------------------
     0 | D:1      | Brandom the Kobold Hunter began the quest for the Orb.
     0 | D:1      | Reached XP level 1. HP: 12/12 MP: 1/1
   187 | D:1      | Found a faded altar of an unknown god.
   193 | D:1      | Became a worshipper of Lugonu the Unformed
   193 | D:1      | Reached * piety under Lugonu
   193 | D:1      | Reached ** piety under Lugonu
   290 | D:1      | Reached XP level 2. HP: 17/17 MP: 2/2
   843 | D:1      | Reached XP level 3. HP: 15/22 MP: 3/3
   937 | D:1      | You fall into a shaft and drop 1 floor!
   991 | D:1      | Reached skill level 1 in Invocations
  1132 | D:1      | Found Kikeaw's Distillery.
  1135 | D:1      | Bought a potion of curing for 30 gold pieces
  1226 | D:1      | Reached *** piety under Lugonu
  1753 | D:2      | Reached XP level 4. HP: 27/27 MP: 3/5
  2217 | D:2      | Noticed Terence
  2226 | D:2      | Killed Terence
  2227 | D:2      | Reached skill level 5 in Throwing
  2227 | D:2      | Reached XP level 5. HP: 28/32 MP: 6/6
  2797 | D:3      | Gained mutation: Your mind is acute. (Int +2) [potion of
                  | mutation]
  2956 | D:3      | Reached **** piety under Lugonu
  3005 | D:3      | Found a runed translucent door.
  3007 | D:3      | Noticed T2blue's ghost (amateur PaEn)
  3800 | D:3      | Slain by T2blue's ghost

Illustrated notes

Levels and vault maps discovered:
D:1:      scummos_arrival_simple_fountains, layout_basic,
          shapermc_ecumenical_altar_pompeii, serial_shops, shop,
          serial_bayou_pond_c, amcnicky_mini_pool_small, grunt_decor_cap
D:2:      layout_basic, uniq_terence
D:3:      layout_rooms, serial_rivers, chequers_serial_rivers_micro_b,
          chequers_serial_rivers_room_a, chequers_serial_rivers_small_3,
          chequers_serial_rivers_marsh, gammafunk_ghost_grave,
          serial_bayou_pond_d

Skill      XL: |  1  2  3  4  5 |
---------------+----------------+-----
Invocations    | 1 2 |  2.4
Dodging        | 3 |  3.8
Fighting       | 3 |  3.5
Throwing       | 5 |  5.3
Short Blades   | |  0.6
Stealth        | |  1.7

Action                   |  1- 3 |  4- 6 || total
-------------------------+-------+-------++-------
Melee: Short sword       |    90 |       ||    90
       Dagger            |    19 |   100 ||   119
Throw: Boomerang         |       |     5 ||     5
  Use: Scroll            |       |     4 ||     4
       Potion            |       |     1 ||     1
 Stab: Sleeping          |    15 |    10 ||    25
Armor: Ring mail         |    43 |    24 ||    67
Dodge: Dodged            |    73 |    57 ||   130
